 Dungeon Crawl Stone Soup version 0.28-a0-1524-ge72afd5fc6 (webtiles) character file.

Game seed: 6364184350437195961

198 Demosthentine the Ducker (level 5, 0/33 HPs)
             Began as a Tengu Monk on Jan 17, 2022.
             Slain by an orc warrior (10 damage)
             ... on level 4 of the Dungeon.
             The game lasted 00:03:26 (4107 turns).

Demosthentine the Ducker (Tengu Monk)               Turns: 4107, Time: 00:03:27

Health: 0/33       AC:  2    Str: 13    XL:     5   Next: 77%
Magic:  6/6        EV: 18    Int: 10    God:
Gold:   159        SH:  0    Dex: 23    Spells: 4/4 levels left

rFire   . . .      SeeInvis .   a - +0 short sword
rCold   . . .      Faith    .   (no shield)
rNeg    . . .      Spirit   .   b - +0 robe
rPois   .          Reflect  .   (helmet restricted)
rElec   .          Harm     .   (no cloak)
rCorr   .          Rampage  .   (no gloves)
Will    .....                   (boots unavailable)
Stlth   ++........              i - amulet of the acrobat
HPRegen 0.11/turn               f - +6 ring of dexterity
MPRegen 0.10/turn               (no ring)

@: flying quickly and evasively, quick
A: beak, talons 3, nimble flight
a: no special abilities


You were on level 4 of the Dungeon.
You visited 1 branch of the dungeon, and saw 4 of its levels.

You collected 159 gold pieces.

Inventory:

Hand Weapons
 a - a +0 short sword (weapon)
Armour
 b - a +0 robe (worn)
Jewellery
 f - a +6 ring of dexterity (left hand)
 i - an amulet of the acrobat (around neck)
Wands
 h - a wand of acid (5)
Scrolls
 c - 2 scrolls of teleportation
Potions
 d - 3 potions of curing
 g - 2 potions of brilliance


   Skills:
 + Level 4.0 Fighting
 + Level 4.4 Short Blades
 + Level 2.7 Armour
 + Level 4.4 Dodging
 - Level 2.0 Stealth


You had 4 spell levels left.
You didn't know any spells.
Your spell library contained the following spells:

 Spells                   Type           Power      Damage    Failure   Level
 Summon Small Mammal      Summ           0%         N/A       36%         1
 Call Canine Familiar     Summ           0%         N/A       75%         3
 Summon Guardian Golem    Hex/Summ       0%         N/A       75%         3


Dungeon Overview and Level Annotations

Branches:
Dungeon (4/15)             Temple (0/1) D:4

Altars:
Xom


Innate Abilities, Weirdness & Mutations

You have a beak for a mouth.
You have claws for feet.
Your magical nature lets you fly swiftly and evasively.


Message History

You peck the orc warrior, but do no damage.
The orc warrior hits you with a +0 trident!
You barely miss the orc warrior.
You claw the orc warrior, but do no damage.
Your peck misses the orc warrior. The orc warrior closely misses you.
You barely miss the orc warrior. Your kick misses the orc warrior.
Your peck misses the orc warrior. You barely miss the orc warrior.
The orc warrior closely misses you.
You hit the orc warrior but do no damage.
You peck the orc warrior, but do no damage.
The orc warrior completely misses you.
You hit the orc warrior.
You claw the orc warrior, but do no damage.
Your peck misses the orc warrior.
The orc warrior is lightly wounded.
The orc warrior completely misses you.
You hit the orc warrior but do no damage.
You peck the orc warrior, but do no damage.
The orc warrior is lightly wounded.
The orc warrior hits you with a +0 trident!!
Ouch! That really hurt!
* * * LOW HITPOINT WARNING * * *
You hit the orc warrior but do no damage.
You claw the orc warrior.
The orc warrior is lightly wounded.
The orc warrior hits you with a +0 trident!
* * * LOW HITPOINT WARNING * * *
You feel much better.
The orc warrior hits you with a +0 trident!!
Ouch! That really hurt!
* * * LOW HITPOINT WARNING * * *
You feel better. The orc warrior misses you.
You barely miss the orc warrior.
You claw the orc warrior, but do no damage.
The orc warrior is lightly wounded.
The orc warrior closely misses you.
You hit the orc warrior but do no damage.
The orc warrior is lightly wounded.
The orc warrior hits you with a +0 trident!
You die...

#######...<#.#..#
#............#..#
#.......#..#†#..#
#.......##.#.#..###########
#.......#....#............#
#.......#..###............#
#.......#..#..............#
#......#...#.#.#........>.#
######.#...)@#.#..........#
#####.#....o#.'..........#
#...#.#...#.#.#..........#
#...#.#####.#.#..........#
#...#.......#.#..........#
#...'....####.#.÷........#
#...####.#....#..........#
#...# #.#.####..........#
##'## #.#...............#


You could see an orc warrior.

Vanquished Creatures
  A jelly (D:4)
  A centaur skeleton (D:4)
  An iguana (D:2)
  3 adders
  4 worms
  3 dart slugs
  7 orcs
  6 ball pythons
  A bat (D:3)
  8 endoplasms
  A giant cockroach (D:3)
  2 goblins
  6 hobgoblins
  5 jackals
  8 kobolds
  A quokka (D:1)
  3 frilled lizards
  3 rats
64 creatures vanquished.

Notes
Turn   | Place    | Note
-------+----------+-------------------------------------------
     0 | D:1      | Demosthentine the Tengu Monk began the quest for the Orb.
     0 | D:1      | Reached XP level 1. HP: 14/14 MP: 2/2
   103 | D:1      | Reached XP level 2. HP: 12/19 MP: 3/3
   478 | D:1      | Reached skill level 1 in Armour
  1259 | D:2      | Reached XP level 3. HP: 23/23 MP: 4/4
  1567 | D:2      | Found a shimmering altar of Xom.
  1610 | D:2      | Reached XP level 4. HP: 28/28 MP: 5/5
  2346 | D:2      | Found a faded altar of an unknown god.
  2957 | D:3      | Gained mutation: Your magical nature lets you fly swiftly
                  | and evasively. [Tengu growth]
  2957 | D:3      | Reached XP level 5. HP: 10/33 MP: 6/6
  3952 | D:4      | Found a staircase to the Ecumenical Temple.
  3953 | D:4      | Noticed an orc warrior
  4107 | D:4      | Slain by an orc warrior

Illustrated notes

Levels and vault maps discovered:
D:1:      co_arrival_random_square_maze, layout_loops_cross,
          minmay_misc_feat_diagonals, grunt_decor_clamped
D:2:      layout_basic, basic_altar, chequers_ecumenical_altar_twisty
D:3:      layout_basic, serial_forest, infiniplex_forest_lined_3_way,
          infiniplex_forest_lined_2, infiniplex_forest_straight_1,
          infiniplex_forest_straight_2, infiniplex_forest_straight_3,
          infiniplex_forest_lined_corner, infiniplex_forest_clump_long,
          minmay_checkerbox
D:4:      layout_basic, minmay_temple_entry_tees

Skill      XL: |  1  2  3  4  5 |
---------------+----------------+-----
Armour         | 1 2 |  2.7
Short Blades   | 4 |  4.4
Dodging        | 4 |  4.4
Fighting       | 4 |  4.0
Stealth        | |  2.0

Action                   |  1- 3 |  4- 6 || total
-------------------------+-------+-------++-------
Melee: Short sword       |    68 |   118 ||   186
       Kick              |    16 |    40 ||    56
       Peck              |    11 |    12 ||    23
       Punch             |       |     2 ||     2
  Use: Scroll            |     4 |     6 ||    10
       Potion            |       |     4 ||     4
 Stab: Sleeping          |     7 |     4 ||    11
Armor: Robe              |     5 |    10 ||    15
Dodge: Dodged            |    36 |    81 ||   117

Table legend: (Time is in decaauts)
 A = Elapsed time spent in this place.
 B = Non-inter-level travel time spent in this place.
 C = Inter-level travel time spent in this place.
 D = Time resting spent in this place.
 E = Time spent auto-exploring this place.
 F = Levels seen in this place.
 G = Mean time per level.
                   A        B        C        D        E       F      G
               +--------+--------+--------+--------+--------+-----+--------+
         Total |   4025 |   3936 |     89 |    511 |   2890 |   4 | 1006.2 |
       Dungeon |   4025 |   3936 |     89 |    511 |   2890 |   4 | 1006.2 |
               +--------+--------+--------+--------+--------+-----+--------+

Top non-repeatable levels by time:
     D:1: 1239 daAuts
     D:2: 1183 daAuts
     D:3: 1115 daAuts
     D:4: 486 daAuts
